 Dungeon Crawl Stone Soup version 0.31.0-11-ge490571c62 (webtiles) character file.

Game seed: 17613595324204895454

13643 JoadsterXIV the Carver (level 12, -6/75 HPs)
             Began as a Gargoyle Fighter on Jan 26, 2024.
             Was a High Priest of Makhleb.
             Mangled by a sun demon (17 damage)
             ... summoned by a kobold demonologist
             ... on level 10 of the Dungeon.
             The game lasted 00:22:26 (9866 turns).

JoadsterXIV the Carver (Gargoyle Fighter)           Turns: 9866, Time: 00:22:29

Health: -6/75      AC: 29    Str: 23    XL:     12   Next: 8%
Magic:  19/19      EV:  9    Int:  9    God:    Makhleb [*****.]
Gold:   1863       SH:  5    Dex: 11    Spells: 11/11 levels left

rFire   . . .        h - +10 scimitar "Joshrakh" {speed, rElec rN++ Will- rCorr}
rCold   . . .        c - +0 buckler
rNeg    + + +        n - +0 chain mail
rPois   ∞            k - +1 helmet
rElec   +            t - +1 cloak
rCorr   +            o - +0 pair of gloves
SInv    +            e - +2 pair of boots
Will    .....        u - amulet of the acrobat Stlth
                     p - ring of Qaxtefuh {rElec SInv}
HPRegen 0.32/turn    H - +4 ring of slaying
MPRegen 0.16/turn

%: acrobat
@: no status effects
A: sickness immunity, AC +8, negative energy resistance 1, electricity
resistance, torment resistance 1, petrification resistance
a: Renounce Religion, Minor Destruction, Lesser Servant of Makhleb, Major
Destruction, Greater Servant of Makhleb


You were on level 10 of the Dungeon.
You worshipped Makhleb.
Makhleb was extremely pleased with you.
You visited 2 branches of the dungeon, and saw 11 of its levels.
You also visited: Sewer.

You collected 1863 gold pieces.

Inventory:

Hand Weapons
 a - a +0 long sword
 h - the +10 scimitar "Joshrakh" (weapon) {speed, rElec rN++ Will- rCorr}
   (You acquired it on level 2 of the Dungeon)

   rElec:     It insulates you from electricity.
   rN++:      It greatly protects you from negative energy.
   Will-:     It decreases your willpower.
   rCorr:     It protects you from acid and corrosion.
 r - a +1 dire flail of holy wrath
 G - a +3 battleaxe
Armour
 b - a +0 scale mail
 c - a +0 buckler (worn)
 e - a +2 pair of boots (worn)
 k - a +1 helmet (worn)
 l - a +0 ring mail
 n - a +0 chain mail (worn)
 o - a +0 pair of gloves (worn)
 t - a +1 cloak (worn)
Magical Staves
 v - a staff of conjuration
Jewellery
 p - the ring of Qaxtefuh (left hand) {rElec SInv}
   (You acquired it on level 3 of the Dungeon)

   [ring of see invisible]

   rElec:     It insulates you from electricity.
   SInv:      It lets you see invisible.
 u - an amulet of the acrobat (around neck)
 B - a +6 ring of intelligence
 D - a ring of protection from cold
 H - a +4 ring of slaying (right hand)
 J - an amulet of reflection
Wands
 m - a wand of paralysis (8)
 E - a wand of digging (5)
 K - a wand of flame (34)
Scrolls
 d - a scroll of enchant armour
 g - 2 scrolls of revelation
 q - 2 scrolls of enchant weapon
 s - 2 scrolls of immolation
 w - 2 scrolls of identify
 y - 2 scrolls of amnesia
 z - a scroll of silence
 C - 3 scrolls of teleportation
 F - a scroll of blinking
 L - a scroll of fog
Potions
 f - a potion of curing
 i - 2 potions of haste
 j - 3 potions of brilliance
 x - 3 potions of attraction
 A - a potion of lignification
 I - 2 potions of heal wounds
 M - 2 potions of enlightenment {unknown}


   Skills:
 + Level 8.7 Fighting
 + Level 13.9 Long Blades
 + Level 8.5 Armour
 + Level 2.1 Dodging
 - Level 0.1 Stealth
 + Level 6.0 Shields
 * Level 9.4 Invocations


You had 11 spell levels left.
You didn't know any spells.
Your spell library contained the following spells:

 Spells                   Type           Power      Damage    Failure   Level
 Magic Dart               Conj           0%         1d3       93%         1
 Slow                     Hex            0%         N/A       93%         1
 Call Imp                 Summ           0%         N/A       98%         2
 Searing Ray              Conj           0%         2d4       98%         2
 Confusing Touch          Hex            0%         N/A       100%        3
 Fugue of the Fallen      Necr           0%         N/A       100%        3
 Ozocubu's Armour         Ice            0%         N/A       100%        3
 Sigil of Binding         Hex            0%         N/A       100%        3
 Vampiric Draining        Necr           0%         2d6       100%        3
 Volatile Blastmotes      Fire/Tloc      0%         2d10      100%        3
 Fulminant Prism          Conj/Alch      0%         3d5       100%        4
 Iskenderun's Mystic Bla  Conj/Tloc      0%         2d3       100%        4
 Manifold Assault         Tloc           0%         N/A       100%        4
 Summon Hydra             Summ           0%         N/A       100%        7
 Sublimation of Blood     Necr           Unusable   N/A       N/A         2

Dungeon Overview and Level Annotations

Branches:
Dungeon (10/15)            Temple (1/1) D:4            Lair (0/5) D:9
  Sewer (visited)
    Orc: D:9-12

Altars:
Ashenzari
Cheibriados
Dithmenos
Elyvilon
Fedhas
Gozag
Hepliaklqana
Kikubaaqudgha
Makhleb
Nemelex Xobeh
Okawaru
Qazlal
Ru
Sif Muna
Trog
Uskayaw
Vehumet
Wu Jian
Xom
Yredelemnul
The Shining One

Shops:
D:8 [   D:9 ?


Innate Abilities, Weirdness & Mutations

You are immune to sickness and miasma.
Your stone body is resilient. (AC +8)
You are immune to poison.
You resist negative energy. (rN+)
You are resistant to electric shocks. (rElec)
You are resistant to unholy torment.
You are immune to petrification.


Message History

The quasit claws you but does no damage.
You see here a +0 dagger.
You hit the sun demon but do no damage.
You are engulfed in a cloud of scalding steam.
The kobold demonologist is engulfed in a cloud of scalding steam.
The kobold demonologist barely misses you.
The sun demon barely misses you.
You slice the sun demon!!
The sun demon is heavily wounded.
You are engulfed in a cloud of scalding steam.
The quasit bites you but does no damage.
The quasit claws you but does no damage. x2
The smoke demon hits you but does no damage. x3
Unknown command.
You hit the sun demon but do no damage.
The sun demon is heavily wounded.
You are engulfed in a cloud of scalding steam.
The sun demon closely misses you.
The kobold demonologist hits you but does no damage.
Unknown command.
You slash the sun demon!
The sun demon is severely wounded.
The quasit bites you but does no damage.
The quasit claws you but does no damage. x2
The smoke demon gestures at you. Something smites you!
Unknown command.
You closely miss the sun demon.
The sun demon is severely wounded.
The sun demon hits you!
You are engulfed in flames!
* * * LOW HITPOINT WARNING * * *
The quasit bites you but does no damage.
The quasit claws you but does no damage. x2
The kobold demonologist barely misses you.
You feel better.
The smoke demon hits you but does no damage. x2
The smoke demon barely misses you. The sun demon hits you!
* * * LOW HITPOINT WARNING * * *
You are engulfed in flames!
You die...

#######+###
#..........
#..........
#..........
#..........
#..........
#)3@K......
#.5.3......
#..).......
###########


You could see a sun demon (summoned), a kobold demonologist, a smoke demon
(summoned) and a quasit (summoned).

Vanquished Creatures
  The ghost of MysticSailboat the Fighter, a journeyman MiMo of Trog (D:9)
  Erica (D:8)
  A centaur warrior (D:9)
  3 two-headed ogres
  The ghost of ces the Severer, a novice MiBe of Trog (D:8)
  Pikel (D:4)
  A manticore (D:8)
  The ghost of hawkwood the Fighter, a novice DgAr (D:6)
  Joseph (D:9)
  2 kobold demonologists
  A freezing wraith (D:9)
  2 komodo dragons (D:9)
  Grinder (D:3)
  2 shadows (D:9)
  A slime creature (D:9)
  An unseen horror simulacrum (D:6)
  9 yaks (D:9)
  A wyvern (D:8)
  Grum (D:8)
  A steam dragon (D:7)
  2 basilisks (D:9)
  Edmund (D:4)
  A swamp drake (D:9)
  4 sky beasts
  A black bear (D:5)
  3 orc warriors (D:9)
  2 ogres
  3 ice beasts
  3 wolves (D:8)
  5 centaurs
  A lemure (D:4)
  2 kobold brigands
  3 bullfrogs
  2 scorpions (D:5)
  6 wights
  3 killer bees (D:8)
  8 howler monkeys
  A centaur zombie (D:6)
  2 hounds
  A gnoll bouda (D:7)
  2 orc priests
  3 sleepcaps
  Jessica (D:3)
  An iguana (D:4)
  A hell rat (Sewer)
  7 orc wizards
  A killer bee zombie (D:6)
  A howler monkey skeleton (D:6)
  9 gnolls
  6 adders
  4 river rats (Sewer)
  A shadow imp (D:8)
  4 white imps
  A dart slug (D:2)
  A ribbon worm (D:4)
  24 orcs
  6 bats
  7 endoplasms
  3 giant cockroaches (D:4)
  4 goblins
  7 hobgoblins
  4 jackals (D:2)
  3 quokkas
  6 ball pythons
  4 frilled lizards
  7 kobolds
  12 rats
217 creatures vanquished.

Vanquished Creatures (others)
  A killer bee zombie (D:6)
  An orc (D:10)
2 creatures vanquished.

Grand Total: 219 creatures vanquished

Notes
Turn   | Place    | Note
-------+----------+-------------------------------------------
     0 | D:1      | JoadsterXIV the Gargoyle Fighter began the quest for the
                  | Orb.
     0 | D:1      | Reached XP level 1. HP: 14/14 MP: 1/1
    78 | D:1      | Found a faded altar of an unknown god.
    82 | D:1      | Got Plato's Encyclopedia of Misfortune
    83 | D:1      | Prayed at the altar of an unknown god.
    83 | D:1      | Became a worshipper of Makhleb the Destroyer
    83 | D:1      | Reached * piety under Makhleb
   140 | D:1      | Reached XP level 2. HP: 17/19 MP: 2/2
   195 | D:1      | Reached skill level 2 in Long Blades
   257 | D:1      | Reached XP level 3. HP: 20/24 MP: 3/3
   813 | D:2      | Reached ** piety under Makhleb
   945 | D:2      | Identified a scroll of acquirement
   945 | D:2      | Acquired the +10 scimitar "Joshrakh" {speed, rElec rN++
                  | Will- rCorr}
  1303 | D:3      | Noticed Grinder
  1320 | D:3      | Killed Grinder
  1321 | D:3      | Reached skill level 3 in Long Blades
  1321 | D:3      | Reached skill level 1 in Dodging
  1321 | D:3      | Reached XP level 4. HP: 22/29 MP: 4/4
  1321 | D:3      | Reached XP level 5. HP: 25/33 MP: 5/5
  1321 | D:3      | Reached XP level 6. HP: 29/38 MP: 6/6
  1461 | D:3      | Reached skill level 1 in Invocations
  1620 | D:3      | Reached skill level 4 in Long Blades
  3481 | D:3      | Noticed Jessica
  3482 | D:3      | Killed Jessica
  3542 | D:3      | Acquired the ring of Qaxtefuh {rElec SInv}
  3781 | D:4      | You fall into a shaft and drop 1 floor!
  3781 | D:5      | Entered Level 5 of the Dungeon
  3889 | D:4      | Noticed Edmund
  3898 | D:4      | Killed Edmund
  3899 | D:4      | Reached XP level 7. HP: 43/44 MP: 6/8
  3973 | D:4      | Found a staircase to the Ecumenical Temple.
  4003 | Temple   | Entered the Ecumenical Temple
  4099 | D:4      | Noticed Pikel
  4124 | D:4      | Killed Pikel
  4125 | D:4      | Reached skill level 5 in Long Blades
  4125 | D:4      | Reached skill level 5 in Armour
  4125 | D:4      | Reached XP level 8. HP: 48/48 MP: 8/10
  4253 | D:4      | Found a glowing drain.
  4265 | D:4      | Reached skill level 5 in Fighting
  4390 | Sewer    | Entered a sewer
  4729 | D:5      | Found a white marble altar of Elyvilon.
  4753 | D:5      | Reached *** piety under Makhleb
  4754 | D:5      | Reached skill level 6 in Long Blades
  4792 | D:5      | Found a blossoming altar of Fedhas.
  4959 | D:5      | Acquired a manual of Long Blades
  5739 | D:6      | Reached skill level 7 in Long Blades
  5754 | D:6      | Reached XP level 9. HP: 45/54 MP: 12/12
  6006 | D:6      | Reached skill level 8 in Long Blades
  6023 | D:6      | Found a runed translucent gate.
  6024 | D:6      | Found a runed translucent gate.
  6025 | D:6      | Found a runed translucent gate.
  6039 | D:6      | Noticed hawkwood's ghost (novice DgAr)
  6046 | D:6      | Reached skill level 5 in Invocations
  6062 | D:6      | Killed hawkwood's ghost
  6063 | D:6      | Reached skill level 9 in Long Blades
  6669 | D:7      | Reached skill level 10 in Long Blades
  6737 | D:7      | Reached **** piety under Makhleb
  6738 | D:7      | Reached skill level 5 in Shields
  6740 | D:7      | Reached XP level 10. HP: 43/60 MP: 14/14
  6982 | D:7      | Found an iron altar of Okawaru.
  6983 | D:7      | Found a hide-covered altar of Uskayaw.
  7506 | D:8      | Noticed Grum
  7539 | D:8      | Killed Grum
  7691 | D:8      | Found a runed translucent door.
  7694 | D:8      | Noticed ces's ghost (novice MiBe)
  7707 | D:8      | Killed ces's ghost
  7708 | D:8      | Reached skill level 11 in Long Blades
  7921 | D:8      | Noticed a two-headed ogre
  7932 | D:8      | Killed a two-headed ogre
  7942 | D:8      | Noticed a manticore
  7997 | D:8      | Killed a manticore
  7998 | D:8      | Reached skill level 12 in Long Blades
  8087 | D:8      | Acquired 545 gold pieces
  8089 | D:8      | Acquired 651 gold pieces
  8301 | D:8      | Noticed Erica
  8311 | D:8      | Killed Erica
  8312 | D:8      | Reached XP level 11. HP: 46/67 MP: 16/16
  8433 | D:8      | Found Gaur's Armour Emporium.
  8525 | D:9      | Noticed a centaur warrior
  8536 | D:9      | Killed a centaur warrior
  8545 | D:9      | Found Qoton's Magic Scroll Shoppe.
  8653 | D:9      | Noticed a two-headed ogre
  8665 | D:9      | Killed a two-headed ogre
  8665 | D:9      | Reached ***** piety under Makhleb
  8666 | D:9      | Reached skill level 13 in Long Blades
  8675 | D:9      | Found a shimmering blue altar of Sif Muna.
  8743 | D:9      | Noticed a two-headed ogre
  8774 | D:9      | Killed a two-headed ogre
  8795 | D:9      | Found a white marble altar of Elyvilon.
  9047 | D:9      | Found a staircase to the Lair.
  9244 | D:9      | Found a runed translucent gate.
  9244 | D:9      | Found a runed translucent gate.
  9244 | D:9      | Found a runed translucent gate.
  9250 | D:9      | Noticed MysticSailboat's ghost (journeyman MiMo)
  9270 | D:9      | Killed MysticSailboat's ghost
  9353 | D:9      | Reached XP level 12. HP: 75/75 MP: 17/19
  9503 | D:9      | Noticed Joseph
  9514 | D:9      | Killed Joseph
  9841 | D:10     | Entered Level 10 of the Dungeon
  9853 | D:10     | Noticed a sun demon
  9866 | D:10     | Mangled by a sun demon

Illustrated notes

Levels and vault maps discovered:
D:1:      minmay_arrival_diagonal_passages, layout_rooms,
          shapermc_ecumenical_altar_rom_forum
D:2:      layout_basic
D:3:      layout_basic, uniq_jessica, uniq_grinder
D:4:      layout_rooms, minmay_temple_entry_purple_smoke,
          mainiacjoe_sewer_entry_somewhere_in_here_2, uniq_pikel, uniq_edmund
D:5:      layout_basic, mainiacjoe_overflow_tiny_flanked, lemuel_tele_altar
D:6:      layout_basic, gammafunk_ghost_necromancy
D:7:      layout_basic, nicolae_overflow_squiral
D:8:      minmay_chambers_of_fours, layout_loops_cross,
          ebering_ghost_reflecting_pool, serial_shops, shop, minmay_hedge_maze,
          st_stairs_11, uniq_erica, uniq_grum
D:9:      layout_stronghold, mainiacjoe_overflow_boulevard, erik_lair_dragon,
          serial_shops, nicolae_shop_statue_plus, gammafunk_ghost_spectres,
          dk_noncrumbling_2, minivault_5, minmay_ruined_shrine, uniq_joseph
D:10:     layout_roguey, zin_purify, serial_shops, nicolae_shop_trees
Temple:   lightli_temple_of_artemis

Skill      XL: |  1  2  3  4  5  6  7  8  9 10 11 |
---------------+----------------------------------+-----
Long Blades    | 2 3 4 5 7 10 12 13 | 13.9
Fighting       | 4 5 6 7 8 |  8.7
Armour         | 4 5 6 7 8 |  8.5
Dodging        | 1 2 |  2.1
Invocations    | 2 3 4 6 7 9 |  9.4
Shields        | 4 5 6 |  6.0
Stealth        | |  0.1

Action                     |  1- 3 |  4- 6 |  7- 9 | 10-12 || total
---------------------------+-------+-------+-------+-------++-------
  Melee: Long sword        |   127 |       |       |       ||   127
         Scimitar          |    17 |    50 |   230 |   331 ||   628
 Invoke: Minor Destruction |     2 |       |       |       ||     2
    Use: Scroll            |     6 |     6 |     4 |     6 ||    22
         Potion            |       |     4 |     1 |     7 ||    12
 Armour: Scale mail        |   120 |       |       |       ||   120
         Chain mail        |     5 |    25 |   206 |   185 ||   421
  Dodge: Dodged            |    81 |    10 |   117 |   120 ||   328
  Block: Buckler           |    27 |     6 |    55 |    49 ||   137
